 Dungeon Crawl Stone Soup version 0.14-a0-1739-g6c2808e (webtiles) character file.

103 M4edhros the Ruinous (level 3, 0/14 HPs)
             Began as a Felid Conjurer on Jan 3, 2014.
             Succumbed to an adder's poison
             ... on Level 2 of the Dungeon.
             The game lasted 00:01:32 (1278 turns).

M4edhros the Ruinous (Felid Conjurer)               Turns: 1278, Time: 00:01:32

HP   0/14        AC  1     Str  4      XL: 3   Next: 44%
MP   4/8         EV 17     Int 17      God:
Gold 57          SH  0     Dex 12      Spells:  1 memorised,  5 levels left
Lives: 0, deaths: 0

rFire  . . .     SeeInvis +     (weapon unavailable)
rCold  . . .     Clarity  .     (armour unavailable)
rNeg   . . .     Conserve .     (shield unavailable)
rPois  .         rCorr    .     (helmet unavailable)
rElec  .         rRot     .     (cloak unavailable)
SustAb . .       Spirit   .     (gloves unavailable)
rMut   .         Warding  .     (boots unavailable)
Saprov . . .     Stasis   .     (no amulet)
                                (no ring)
                                i - ring of sustenance {unknown}

@: mildly poisoned, quick, slightly resistant to hostile enchantments, stealthy
A: paw claws, no armour, no advanced items, fangs 3, see invisible, carnivore 3,
clumsy 2, deterioration 1, speed 1, shaggy fur 1, slow metabolism 1, jump 1
a: Jump Attack


You were on level 2 of the Dungeon.
You were not hungry.

You visited 1 branch of the dungeon, and saw 2 of its levels.

You collected 57 gold pieces.

Inventory:

Comestibles
 b - a meat ration
Scrolls
 a - 2 scrolls of identify {unknown}
 e - a scroll of magic mapping {unknown}
 f - a scroll of random uselessness {unknown}
 h - a scroll of fog {unknown}
 k - a scroll of enchant weapon I {unknown}
Jewellery
 i - a ring of sustenance (left paw) {unknown}
Books
 c - a book of Conjurations

   Spells                             Type                      Level
   *Magic Dart                        Conjuration                  1
   Searing Ray                        Conjuration                  2
   Dazzling Spray                     Conjuration/Hexes            3
   Iskenderun's Mystic Blast          Conjuration                  4
   Iskenderun's Battlesphere          Conjuration/Charms           4
   Fulminant Prism                    Conjuration/Hexes            5


   Skills:
 - Level 2.6 Dodging
 - Level 2.6 Stealth
 - Level 2.0 Spellcasting
 + Level 4.7 Conjurations


You had 5 spell levels left.
You knew the following spells:

 Your Spells              Type           Power        Failure   Level  Hunger
a - Magic Dart            Conj           ###.         2%          1    #......


Dungeon Overview and Level Annotations

Branches:
Dungeon (2/16)

Altars:


Innate Abilities, Weirdness & Mutations

You cannot wear armour.
You are incapable of any advanced item manipulation.
Your paws have sharp claws.
You have razor-sharp teeth.
You have supernaturally acute eyesight.
You are carnivorous and can eat meat at any time.
You cover ground quickly.
You are covered in fur (AC +1).
You have a slow metabolism.
You can jump attack at a short distance.
You are very clumsy. (Dex -4)
Your body is slowly deteriorating.


Message History

You start resting.
Your transformation is almost over.
You start resting.
* * * LOW HITPOINT WARNING * * *
You feel sick.
You start resting.
You feel less woody.
Drink which item? (? for menu, Esc to quit)
You feel extremely strange.
You feel clumsy.
You feel yourself wasting away.
You feel clumsy.
It was a potion of mutation.
Drink which item? (? for menu, Esc to quit)
You suddenly lose the ability to move!
It was a potion of paralysis.
* * * LOW HITPOINT WARNING * * *
You feel sick.
You can move again.
Unknown command.
Unknown command.
You start resting.
You die...

#........# #<#
......(...#####
#.#
.###.........#
#.# #%........#
#[#
##.........#
#.#
#..........#
#.#
#..........#
#.#
#.......>..#
#..
##.@.......#
### #.........#
#.........
##.##.##.# #..
... # ... ....
.... . .... ...


There were no monsters in sight!

Vanquished Creatures
  An adder (D:2)
  4 giant geckos (D:1)
  2 ball pythons (D:1)
  2 giant cockroaches (D:1)
  6 goblins
  4 hobgoblins (D:1)
  A kobold (D:2)
  5 bats (D:1)
  2 giant newts (D:1)
  7 rats
34 creatures vanquished.

Notes
Turn   | Place    | Note
--------------------------------------------------------------
     0 | D:1      | M4edhros, the Felid Conjurer, began the quest for the Orb.
     0 | D:1      | Reached XP level 1. HP: 7/7 MP: 4/4
   273 | D:1      | Reached skill level 4 in Conjurations
   276 | D:1      | Reached XP level 2. HP: 11/11 MP: 0/5
   791 | D:1      | Reached XP level 3. HP: 11/14 MP: 0/8
  1270 | D:2      | Gained mutation: You are clumsy. (Dex -2) [potion of mutation]
  1270 | D:2      | Gained mutation: Your body is slowly deteriorating. [potion of mutation]
  1270 | D:2      | Gained mutation: You are very clumsy. (Dex -4) [potion of mutation]
  1271 | D:2      | Paralysed by a potion of paralysis for 6 turns
  1278 | D:2      | Succumbed to an adder's poison

Action                   || total
-------------------------++-------
Melee: Unarmed           ||    11
 Cast: Magic Dart        ||    63
  Use: Potion            ||     3
